 Dungeon Crawl Stone Soup version 0.27-a0-1105-g946c659c87 (webtiles) character file.

Game seed: 470305794747933338

8439 1player the Cruncher (level 11, -20/111 HPs)
             Began as an Ogre Brigand on Apr 30, 2021.
             Was an Elder of Zin.
             Demolished by a boulder beetle (26 damage)
             ... on level 9 of the Dungeon.
             The game lasted 00:32:19 (14506 turns).

1player the Cruncher (Ogre Brigand)                Turns: 14506, Time: 00:32:19

Health: -20/111    AC:  8    Str: 17    XL:     11   Next: 30%
Magic:  17/17      EV: 13    Int: 12    God:    Zin [****..]
Gold:   322        SH:  0    Dex: 13    Spells: 10/10 levels left

rFire    . . .     SeeInvis .   a - +1 quarterstaff (flame)
rCold    . . .     Faith    .   (shield currently unavailable)
rNeg     . . .     Spirit   .   j - +1 steam dragon scales
rPois    .         Reflect  .   (helmet restricted)
rElec    .         Harm     .   c - +0 cloak
rCorr    +         Rampage  .   (gloves unavailable)
Will     ++...                  (boots unavailable)
Stlth    ++........             Q - amulet of the acrobat
HPRegen  0.28/turn              l - ring of willpower
MPRegen  0.15/turn              F - ring of resist corrosion

@: mighty
A: large, unfitting armour, tough skin 1
a: Renounce Religion, Recite, Vitalisation, Imprison, Donate Gold


You were on level 9 of the Dungeon.
You worshipped Zin.
Zin was greatly pleased with you.
You visited 2 branches of the dungeon, and saw 11 of its levels.

You collected 739 gold pieces.
You spent 132 gold pieces at shops.
You donated 285 gold pieces to Zin.

Inventory:

Hand Weapons
 a - a +1 quarterstaff of flaming (weapon)
 b - the +2 hunting sling of Dividends {vorpal, Will+ Int+3 Dex+3}
   (You found it on level 6 of the Dungeon)

   Any stone fired from it inflicts extra damage.
   It affects your intelligence (+3).
   It affects your dexterity (+3).
   It increases your willpower.
Missiles
 d - 61 poisoned darts (quivered)
 e - 2 curare-tipped darts
 o - 13 boomerangs
 L - 24 sling bullets
Armour
 c - a +0 cloak (worn)
 j - +1 steam dragon scales (worn)
Jewellery
 l - a ring of willpower (left hand)
 u - an amulet of reflection
 F - a ring of resist corrosion (right hand)
 Q - an amulet of the acrobat (around neck)
 T - a ring of ice
 U - a ring of poison resistance
Wands
 v - a wand of flame (16)
 E - a wand of acid (4)
 J - a wand of charming (11)
Scrolls
 B - 3 scrolls of teleportation
 K - a scroll of summoning
 R - 2 scrolls of enchant armour
Potions
 f - 2 potions of brilliance
 h - 2 potions of cancellation
 p - a potion of invisibility
 x - 2 potions of attraction
 A - a potion of ambrosia
 O - a potion of magic


   Skills:
 - Level 8.1 Fighting
 - Level 1.7 Short Blades
 - Level 1.1(5.8) Polearms
 + Level 9.1 Staves
 + Level 7.4 Throwing
 - Level 8.0 Dodging
 - Level 2.9 Stealth
 - Level 8.0 Invocations


You had 10 spell levels left.
You didn't know any spells.
Your spell library contained the following spells:

 Spells                   Type           Power      Damage    Failure   Level
 Magic Dart               Conj           0%         1d3       32%         1
 Sting                    Tmut/Pois      0%         1d3       32%         1
 Poisonous Vapours        Pois/Air       0%         N/A       45%         2
 Searing Ray              Conj           0%         3d3       45%         2
 Dazzling Flash           Conj/Hex       0%         N/A       69%         3
 Ignite Poison            Fire/Tmut/Pois 0%         N/A       69%         3
 Mephitic Cloud           Conj/Pois/Air  0%         N/A       69%         3
 Fulminant Prism          Conj/Hex       0%         3d6       97%         4
 Iskenderun's Mystic Bla  Conj/Tloc      0%         2d3       97%         4
 Olgreb's Toxic Radiance  Pois           0%         N/A       97%         4


Dungeon Overview and Level Annotations

Branches:
Dungeon (10/15)            Temple (1/1) D:5
   Lair: D:8-11         Orc: D:9-12

Altars:
Ashenzari
Cheibriados
Dithmenos
Elyvilon
Fedhas
Gozag
Hepliaklqana
Kikubaaqudgha
Makhleb
Nemelex Xobeh
Okawaru
Qazlal
Ru
Sif Muna
Trog
Uskayaw
Vehumet
Wu Jian
Xom
Yredelemnul
Zin
The Shining One

Shops:
D:7 !

Annotations:
D:3 Terence


Innate Abilities, Weirdness & Mutations

You are too large for most types of armour.
You have tough skin. (AC +1)


Message History

The boulder beetle is poisoned.
Throw: 63 darts (poison)
Press: ? - help, Q - select action, (/) - cycle Shift-Dir - straight line, f/p - boulder beetle
Aim: a boulder beetle (lightly wounded, very poisoned, 91% to hit)
You throw a poisoned dart.
The poisoned dart hits the boulder beetle.
The boulder beetle looks even sicker.
The boulder beetle is lightly wounded.
The boulder beetle bites you! The boulder beetle bites you!
You hit the boulder beetle but do no damage.
The boulder beetle is lightly wounded.
The boulder beetle leaps!
The boulder beetle curls into a ball and begins rolling!
The boulder beetle completely misses you.
The boulder beetle stops rolling and uncurls.
You hit the boulder beetle but do no damage.
The boulder beetle is moderately wounded.
The boulder beetle closely misses you.
Throw: 62 darts (poison)
Press: ? - help, Q - select action, (/) - cycle Shift-Dir - straight line, f/p - boulder beetle
Aim: a boulder beetle (moderately wounded, very poisoned, 91% to hit)
You throw a poisoned dart.
The poisoned dart hits the boulder beetle!
The boulder beetle looks as sick as possible!
The boulder beetle is moderately wounded.
The boulder beetle bites you but does no damage.
The boulder beetle bites you but does no damage.
You hit the boulder beetle but do no damage.
The boulder beetle is moderately wounded.
The boulder beetle bites you!!
* * * LOW HITPOINT WARNING * * *
Okay, then.
You feel very mighty all of a sudden. The boulder beetle bites you!
* * * LOW HITPOINT WARNING * * *
You hit the boulder beetle but do no damage.
The boulder beetle is heavily wounded.
The boulder beetle bites you!!
You die...

#.....#.####### #.....#.######
#.###.#.##....# #.<...#....[..
#.....#.##....# #........#####
#######.##....#######....##.#
#######.##........# #....##.#
#....##.##........#
#....##.#####
#.##.##.####......#
#....##...... #.##....# #......#
#....##.(#### #.....#.# #....@.#
#....##..#
#.....######....B.###....##..#
##..........>............##..#
###########.(....##.######..####
#......##.#### #......
#......#.....# #.#####
##...........# #.# #...........#
#.# #####...........# #.#


You could see a boulder beetle (very poisoned).

Vanquished Creatures
  An ogre mage (D:10)
  Erica (D:8)
  A two-headed ogre (D:6)
  Pikel (D:5)
  An ugly thing (D:9)
  A tengu conjurer (D:10)
  A troll (D:10)
  Prince Ribbit (D:5)
  The ghost of T2blue the Chiller, a novice FeIE of Elyvilon (D:6)
  A hornet (D:9)
  Eustachio (D:6)
  2 steam dragons
  3 vampire mosquitoes
  Menkaure (D:6)
  An acid dragon (D:10)
  A water moccasin (D:6)
  A hornet zombie (D:6)
  5 orc warriors
  2 ice beasts (D:5)
  3 sky beasts
  2 black bears (D:6)
  4 centaurs
  3 ogres
  2 bullfrogs
  A gnoll sergeant (D:8)
  5 scorpions
  Blork the orc (D:5)
  A water moccasin skeleton (D:6)
  4 wights (D:8)
  4 howler monkeys
  A jelly (D:7)
  2 bullfrog zombies (D:6)
  2 centaur zombies
  A bullfrog skeleton (D:5)
  A centaur skeleton (D:4)
  3 orc priests
  3 hounds
  3 iguanas
  Ijyb (D:3)
  6 orc wizards
  A hound zombie (D:5)
  Robin (D:4)
  2 howler monkey zombies
  5 gnolls
  4 adders
  A white imp (D:6)
  4 worms
  2 dart slugs (D:3)
  26 orcs
  6 bats
  9 endoplasms
  3 giant cockroaches
  14 goblins
  5 hobgoblins
  15 jackals
  5 quokkas
  7 ball pythons
  2 frilled lizards
  7 kobolds
  11 rats
210 creatures vanquished.

Vanquished Creatures (collateral kills)
  2 centaur zombies (D:9)
2 creatures vanquished.

Vanquished Creatures (others)
  3 plants (D:1)
3 creatures vanquished.

Grand Total: 215 creatures vanquished

Notes
Turn   | Place    | Note
-------+----------+-------------------------------------------
     0 | D:1      | 1player the Ogre Brigand began the quest for the Orb.
     0 | D:1      | Reached XP level 1. HP: 22/22 MP: 1/1
   167 | D:1      | Reached skill level 1 in Dodging
   368 | D:1      | Reached XP level 2. HP: 20/29 MP: 2/2
   834 | D:1      | Reached XP level 3. HP: 18/37 MP: 3/3
  1966 | D:2      | Noticed an ogre
  1985 | D:2      | Killed an ogre
  1986 | D:2      | Reached XP level 4. HP: 17/49 MP: 4/4
  1986 | D:2      | Reached XP level 5. HP: 20/55 MP: 5/5
  2308 | D:2      | Found a faded altar of an unknown god.
  2757 | D:3      | Noticed Terence
  2891 | D:3      | Noticed Ijyb
  2945 | D:3      | Killed Ijyb
  2946 | D:3      | Reached skill level 5 in Throwing
  2946 | D:3      | Reached XP level 6. HP: 40/65 MP: 6/6
  2951 | D:3      | Reached skill level 5 in Fighting
  4008 | D:4      | Noticed a steam dragon
  4041 | D:4      | Noticed Robin
  4121 | D:4      | Killed a steam dragon
  4129 | D:4      | Reached XP level 7. HP: 55/74 MP: 7/7
  4605 | D:4      | Killed Robin
  4970 | D:4      | Identified the +2 ring mail "Ogaplut" {rF++ rN+ Slay+5
                  | Stlth-}
  4988 | D:5      | Entered Level 5 of the Dungeon
  5230 | D:5      | Reached skill level 2 in Staves
  5252 | D:5      | Noticed Blork the orc
  5425 | D:5      | Killed Blork the orc
  5426 | D:5      | Reached XP level 8. HP: 77/88 MP: 8/8
  5429 | D:5      | Reached skill level 3 in Staves
  5539 | D:5      | Found a hide-covered altar of Uskayaw.
  5539 | D:5      | Found a shadowy altar of Dithmenos.
  5851 | D:5      | Reached skill level 4 in Staves
  6032 | D:5      | Found a staircase to the Ecumenical Temple.
  6041 | Temple   | Entered the Ecumenical Temple
  6287 | Temple   | Became a worshipper of Zin the Law-Giver
  6287 | Temple   | Reached * piety under Zin
  6288 | Temple   | Donated 129 gold pieces to Zin
  6541 | D:5      | Noticed Pikel
  6542 | D:5      | Noticed Prince Ribbit
  6554 | D:5      | Killed Pikel
  6555 | D:5      | Reached skill level 6 in Staves
  6950 | D:5      | Killed Prince Ribbit
  6951 | D:5      | Reached skill level 7 in Staves
  6951 | D:5      | Reached XP level 9. HP: 82/96 MP: 9/9
  7191 | D:6      | Reached skill level 8 in Staves
  7213 | D:6      | Noticed a two-headed ogre
  7246 | D:6      | Killed a two-headed ogre
  7893 | D:6      | Reached skill level 5 in Invocations
  7897 | D:6      | Reached ** piety under Zin
  8091 | D:6      | Reached XP level 10. HP: 99/104 MP: 14/14
  8114 | D:6      | Reached skill level 5 in Dodging
  8125 | D:6      | Noticed Menkaure
  8136 | D:6      | Killed Menkaure
  8182 | D:6      | Donated 83 gold pieces to Zin
  8322 | D:6      | Noticed Eustachio
  8524 | D:6      | Found a runed translucent gate.
  8524 | D:6      | Found a runed translucent gate.
  8524 | D:6      | Found a runed translucent gate.
  8525 | D:6      | Noticed T2blue's ghost (novice FeIE)
  8543 | D:6      | Killed T2blue's ghost
  8720 | D:6      | Killed Eustachio
  8760 | D:6      | Reached *** piety under Zin
  8945 | D:6      | Identified the +2 hunting sling of Dividends {vorpal, Will+
                  | Int+3 Dex+3}
  9077 | D:7      | Found Oniafirch's Distillery.
  9093 | D:7      | Bought a potion of curing for 33 gold pieces
  9093 | D:7      | Bought a potion of might for 44 gold pieces
  9093 | D:7      | Bought a potion of berserk rage for 55 gold pieces
  9109 | D:7      | Reached **** piety under Zin
  9928 | D:7      | Found a broken altar of Ashenzari.
 10163 | D:8      | Noticed Erica
 11101 | D:8      | Found a shimmering blue altar of Sif Muna.
 11120 | D:8      | Reached ***** piety under Zin
 11292 | D:8      | Killed Erica
 12314 | D:9      | Reached skill level 1 in Polearms
 12663 | D:9      | Reached XP level 11. HP: 101/111 MP: 17/17
 12893 | D:10     | Entered Level 10 of the Dungeon
 12988 | D:10     | Noticed a boulder beetle
 13114 | D:10     | Noticed an ogre mage
 13375 | D:9      | HP: 5/111 [boulder beetle (24)]
 13822 | D:10     | Noticed a boulder beetle
 13857 | D:10     | Killed an ogre mage
 13936 | D:10     | Noticed a purple ugly thing
 13990 | D:9      | Killed a purple ugly thing
 13991 | D:9      | Reached skill level 9 in Staves
 14436 | D:10     | Noticed a boulder beetle
 14506 | D:9      | Demolished by a boulder beetle

Illustrated notes

Levels and vault maps discovered:
D:1:      dpeg_arrival_castle, layout_basic, minivault_23, serial_bayou_pond_c,
          supply_closet_lemuel
D:2:      layout_loops_ring, ebering_ecumenical_altar_rust, minivault_14,
          minmay_pentomino_o2
D:3:      layout_loops_ring, uniq_terence, uniq_ijyb
D:4:      layout_cave_pools, cheibrodos_sewer_entry_bend,
          kennysheep_cross_bottleneck, chequers_arboretum,
          roderic_serpentine_path, uniq_robin
D:5:      layout_loops_corners, amethyst_overflow_temple_binary,
          minmay_temple_entry_slanted, uniq_prince_ribbit1, uniq_blork_the_orc,
          uniq_pikel
D:6:      minmay_clustersquares, layout_cave_pools, ebering_ghost_rock_garden,
          minmay_between, uniq_eustachio, uniq_crazy_yiuf_cottage, uniq_menkaure
D:7:      layout_basic, kennysheep_little_box, serial_shops, shop_coins
D:8:      layout_gridville, amcnicky_altar_gilded, uniq_erica
D:9:      layout_basic
D:10:     minmay_the_grid_plus [minmay_the_grid_all_tris,
          minmay_the_grid_outer_diamond, minmay_the_grid_paths,
          minmay_the_grid_eight, minmay_the_grid_prize_trominoes], layout_rooms,
          lair_entry_dummy
Temple:   dpeg_five_rooms_temple

Skill      XL: |  1  2  3  4  5  6  7  8  9 10 11 |
---------------+----------------------------------+-----
Dodging        | 1 4 8 |  8.0
Fighting       | 3 4 5 8 |  8.1
Throwing       | 3 4 5 6 7 |  7.4
Staves         | 2 7 8 9 |  9.1
Invocations    | 5 8 |  8.0
Polearms       | 1 |  1.1
Short Blades   | |  1.7
Stealth        | |  2.9

Action                   |  1- 3 |  4- 6 |  7- 9 | 10-12 || total
-------------------------+-------+-------+-------+-------++-------
Melee: Dagger            |   149 |   179 |       |       ||   328
       Quarterstaff      |       |    37 |   244 |   323 ||   604
 Fire: Hunting sling     |       |       |       |    77 ||    77
Throw: Dart              |    15 |    26 |    74 |    28 ||   143
       Large rock        |       |       |       |    14 ||    14
Invok: Donate Gold       |       |       |     1 |     1 ||     2
       Recite            |       |       |       |     9 ||     9
       Vitalisation      |       |       |       |     1 ||     1
       Sanctuary         |       |       |       |     1 ||     1
Evoke: Wand              |       |       |       |     1 ||     1
  Use: Scroll            |       |     7 |     8 |     8 ||    23
       Potion            |       |       |     1 |    10 ||    11
 Stab: Sleeping          |     6 |     4 |     3 |     1 ||    14
       Confused          |       |       |       |     3 ||     3
       Invisible         |       |       |       |     1 ||     1
Armor: Robe              |    11 |       |       |       ||    11
       Steam dragon scal |    37 |    79 |    95 |    86 ||   297
Dodge: Dodged            |    58 |    68 |   116 |   237 ||   479
Block: Other             |       |    28 |    57 |    27 ||   112
       Reflection        |       |       |     1 |       ||     1

Table legend: (Time is in decaauts)
 A = Elapsed time spent in this place.
 B = Non-inter-level travel time spent in this place.
 C = Inter-level travel time spent in this place.
 D = Time resting spent in this place.
 E = Time spent auto-exploring this place.
 F = Levels seen in this place.
 G = Mean time per level.
                   A        B        C        D        E       F      G
               +--------+--------+--------+--------+--------+-----+--------+
         Total |  14399 |  13739 |    660 |   4290 |   6636 |  11 | 1309.0 |
       Dungeon |  14117 |  13524 |    593 |   4290 |   6424 |  10 | 1411.7 |
        Temple |    282 |    215 |     67 |      0 |    212 |   1 |  282.0 |
               +--------+--------+--------+--------+--------+-----+--------+

Top non-repeatable levels by time:
     D:5: 2201 daAuts
     D:9: 2171 daAuts
     D:8: 1727 daAuts
     D:6: 1548 daAuts
     D:1: 1381 daAuts
     D:2: 1276 daAuts
     D:4: 1181 daAuts
     D:7: 1098 daAuts
     D:3: 1091 daAuts
    D:10: 438 daAuts
  Temple: 282 daAuts
